Unix NetHack Version 5.0.0-0 post-release - last build May  4 2026 22:22:43 (774f63e81ad911689b3a0859ea89b322d5daca8d,branch:main).

Game began 2026-05-05 10:55:47, ended 2026-05-05 11:18:04.

01246791210, neutral male human Barbarian

                                         #########
                                         #-------#
                                        ##......|##  ----------------
                                        ##|..{...#   |.@q...........|
                                        ##|.<...|#   |..............|
                 #   #             #  #  #|....)|#   |..............|
           ###############%###############......|##  --------|-------
                ##   }}}}}}        #     #------- #     ######
                                                  #     #
                                                  #    ##
                                                  )  ###
                                                  # -.-----
                                   --- ----       # |.(...|
                                   |...h....     ###%...).)####
                                   |                |>....|
                                                    -------

01246791210 the Pillager   St:18/02 Dx:17 Co:17 In:8 Wi:7 Ch:6  Neutral
Dlvl:5  $:63 HP:0(41) Pw:11(11) AC:7  Xp:4 T:2663 

Latest messages:
 The hill orc hits!
 It is hit.
 It is missed.
 The dart hits the hill orc.
 It is missed.
 You are hit by an orcish dagger.
 The hill orc picks up an orcish dagger.
 The hill orc throws an orcish dagger!
 You are hit by an orcish dagger.
 The hill orc throws an orcish dagger!
 You are hit by an orcish dagger.
 You kill the shrieker!
 You are hit by an orcish dagger.
 Your giant rat corpse rots away.
 You see here a chest.
 You have trouble lifting a chest.  Continue? [ynq] (q) n
 The hill orc wields an orcish dagger!
 You miss the hill orc.
 The hill orc thrusts her orcish dagger.
 The hill orc hits!
 You smite the hill orc!
 The orcish dagger hits the hill orc.
 The hill orc is killed!
 The hill orc hits!
 y - an orcish dagger (2 in total).
 D - an orcish dagger.
 E - an orcish helm.
 You have much trouble lifting a hill orc corpse.  Continue? [ynq] (q) n
 The hill orc hits!
 You kill the hill orc!
 You have much trouble lifting a hill orc corpse.  Continue? [ynq] (q) n
 u - a scroll labeled GARVEN DEH (2 in total).
 The kobold lord throws 2 darts!
 The 1st dart misses you.
 You are almost hit by the 2nd dart.
 The kobold lord throws a dart!
 A dart misses you.
 You see here a chest.
 The kobold lord hits!
 The kobold lord hits!
 The door opens.
 The rothe hits!
 The rothe bites!
 The rothe bites again!
 You die...
 Do you want your possessions identified? [ynq] (y) n
 Do you want to see your attributes? [ynq] (y) n
 Do you want an account of creatures vanquished? [ynaq] (y) n
 Do you want to see your conduct and achievements? [ynq] (y) n
 Do you want to see the dungeon overview? [ynq] (y) n

Inventory:
 Coins    ('$')
  $ - 63 gold pieces
 Weapons  (')')
  f - a +1 arrow
  g - 6 +0 arrows
  x - a +1 crossbow
  s - a +0 dagger
  w - a +0 elven dagger
  D - a +1 orcish dagger
  y - 2 +0 orcish daggers
  a - a +0 battle-axe (weapon in hands)
  b - a +0 short sword (alternate weapon; not wielded)
 Armor    ('[')
  E - an uncursed +0 orcish helm
  r - an uncursed +0 dwarvish cloak
  c - an uncursed +0 ring mail (being worn)
  n - an uncursed +0 scale mail
 Comestibles  ('%')
  m - an uncursed partly eaten food ration
 Scrolls  ('?')
  u - 2 uncursed scrolls of light
 Potions  ('!')
  l - a cursed potion of gain ability
 Rings    ('=')
  q - an uncursed ring of levitation
 Tools    ('(')
  t - an uncursed tin opener
 Boulders/Statues  ('`')
  o - an empty uncursed statue of a newt

01246791210 the Barbarian's attributes:

Background:
 You were a Pillager, a level 4 male human Barbarian.
 You were neutral, nominally on a mission for Crom
 who was opposed by Mitra (lawful) and Set (chaotic).
 You were right-handed.
 You were in the Dungeons of Doom, on level 5.
 You entered the dungeon 2663 turns ago.
 You had 124 experience points, 36 more were needed to attain level 5.

Basics:
 You had 0 out of 41 hit points.
 You had all 11 energy points (spell power).
 Your armor class was 7.
 Your wallet contained 63 zorkmids.
 Autopickup was off.

Final Characteristics:
 Your strength was 18/02 (limit:18/100).
 Your dexterity was 17 (limit:18).
 Your constitution was 17 (limit:18).
 Your intelligence was 8 (limit:18).
 Your wisdom was 7 (limit:18).
 Your charisma was 6 (limit:18).

Final Status:
 You weren't hungry.
 You were unencumbered.
 You were wielding an axe.
 You had basic skill with axe.

Final Attributes:
 You were piously aligned.
 You were poison resistant.
 You were warded.
 You are dead.

Miscellaneous:
 You didn't encounter any bones levels.
 Total elapsed playing time was 22 minutes and 15 seconds.

Major events:
 Turn
    1: 01246791210 the neutral male human Barbarian entered the dungeon
 1815: attained the rank of Pillager (level 3)
 2663: killed by a rothe

You didn't know any spells.

Skills:
 Fighting Skills
   bare handed combat [Basic]
   two weapon combat  [Unskilled]
   riding             [Unskilled]
 Weapon Skills
   dagger             [Unskilled]
   axe                [Basic]
   pick-axe           [Unskilled]
   short sword        [Basic]
   broadsword         [Unskilled]
   long sword         [Unskilled]
   two-handed sword   [Unskilled]
   saber              [Unskilled]
   club               [Unskilled]
   mace               [Unskilled]
   morning star       [Unskilled]
   flail              [Unskilled]
   hammer             [Unskilled]
   quarterstaff       [Unskilled]
   spear              [Unskilled]
   trident            [Unskilled]
   bow                [Unskilled]
 Spellcasting Skills
   attack spells      [Unskilled]
   escape spells      [Unskilled]

Voluntary challenges:
 Character rerolling was not enabled.
 You were vegetarian.
 You were an atheist.
 You were illiterate.
 You never genocided any monsters.
 You never polymorphed an object.
 You never changed form.
 You used no wishes.
Achievements:
 You entered a shop.
 You attained the rank of Pillager.

 The Dungeons of Doom: levels 1 to 5
    Level 1:
    Level 2:
    Level 3:
       A bookstore, a grave.
    Level 4:
       A fountain.
    Level 5: <- You were here.
       A fountain.
       Final resting place for
          you, killed by a rothe.


Vanquished creatures:
 an imp
  a shrieker
  a straw golem
  a kitten
  2 hill orcs
  a rothe
 an iguana
  2 hobbits
  3 giant rats
  a yellow mold
  3 geckos
  6 jackals
  2 foxes
  2 goblins
  3 grid bugs
  a bat
  3 lichens
  2 kobold zombies
  3 newts
39 creatures vanquished.

No species were genocided or became extinct.

Game over:
                       ----------
                      /          \
                     /    REST    \
                    /      IN      \
                   /     PEACE      \
                  /                  \
                  |   01246791210    |
                  |      63 Au       |
                  |   killed by a    |
                  |      rothe       |
                  |                  |
                  |                  |
                  |       2026       |
                 *|     *  *  *      | *
        _________)/\\_//(\/(/\)/\//\/|_)_______

Goodbye 01246791210 the Barbarian...

You died in The Dungeons of Doom on dungeon level 5 with 753 points,
and 63 pieces of gold, after 2663 moves.
You were level 4 with a maximum of 41 hit points when you died.

